 Dungeon Crawl Stone Soup version 0.25.0-1-g7eea58d2a3 (webtiles) character file.

Game seed: 2259266756681736009

584953 Froggeryz the Hoplite (level 27, -1/156 HPs)
             Began as a Gargoyle Gladiator on June 13, 2020.
             Was the Champion of Okawaru.
             Killed from afar by an orb of fire (25 damage)
             ... with a fireball
             ... on level 5 of the Realm of Zot.
             The game lasted 01:51:42 (60308 turns).

Froggeryz the Hoplite (Gargoyle Gladiator)         Turns: 60308, Time: 01:51:43

Health: -1/156     AC: 63    Str: 30    XL:     27
Magic:  23/23      EV: 10    Int: 13    God:    Okawaru [******]
Gold:   5877       SH: 41    Dex: 15    Spells: 22/32 levels left

rFire    + + .     SeeInvis +   Z - +9 eveningstar (holy)
rCold    + . .     Gourm    .   w - +8 tower shield {AC+3}
rNeg     + . .     Faith    .   R - +10 plate armour {ponderous}
rPois    ∞         Spirit   .   D - +2 helmet {SInv}
rElec    +         Reflect  +   j - scarf {rC+ rF+}
rCorr    .         Harm     .   L - +2 pair of gloves {Str+3}
MR       +++..                  V - +2 pair of boots {run}
Stlth    ..........             F - amulet of reflection
HPRegen  0.36/turn              O - ring of Risasougg {rPois rF+ MR+ Dex+6 Stlth+}
MPRegen  0.18/turn              v - +4 ring of slaying

@: mighty, about to teleport, finesse, flying, studying Maces & Flails
A: big wings, clumsy 1, frail 1, low mp 2, negative energy resistance 1,
electricity resistance, unbreathing, petrification resistance, rot immunity, AC
+20
}: 3/15 runes: decaying, silver, gossamer
a: Stop Flying, Heroism, Finesse, Renounce Religion


You were on level 5 of the Realm of Zot.
You worshipped Okawaru.
Okawaru was exalted by your worship.
You were very full.

You visited 9 branches of the dungeon, and saw 47 of its levels.
You visited 1 bazaar.
You also visited: Sewer and Ice Cave.

You collected 8084 gold pieces.
You spent 2207 gold pieces at shops.

Inventory:

Hand Weapons
 P - the +9 staff of Wucad Mu {channel}
   (You found it on level 10 of the Dungeon)
 Z - a +9 eveningstar of holy wrath (weapon)
Missiles
 d - 4 throwing nets (quivered)
 C - 29 silver javelins
Armour
 j - a scarf of resistance (worn)
 m - the +4 plate armour of Hospitality {MR+ Regen+}
   (Okawaru gifted it to you on level 3 of the Spider Nest)

   It affects your resistance to hostile enchantments.
   It increases your rate of regeneration.
 w - a +8 tower shield of protection (worn)
 D - a +2 helmet of see invisible (worn)
 L - a +2 pair of gloves of strength (worn)
 R - a +10 plate armour of ponderousness (worn)
 V - a +2 pair of boots of running (worn)
Jewellery
 a - the macabre finger necklace {rN+}
   (You found it on level 4 of the Lair of Beasts)

   [amulet of nothing]

   It protects you from negative energy.
 e - an uncursed ring of protection from cold
 l - an uncursed ring of protection from magic
 p - an uncursed ring of protection from fire
 r - the ring of the Mage {Wiz MR++ Int+3}
   (You found it on level 2 of the Realm of Zot)

   [ring of wizardry]

   It improves your spell success rate.
   It affects your intelligence (+3).
   It affects your resistance to hostile enchantments.
 u - an uncursed ring of wizardry {unknown}
 v - a +4 ring of slaying (right hand)
 F - an amulet of reflection (around neck)
 O - the ring of Risasougg (left hand) {rPois rF+ MR+ Dex+6 Stlth+}
   (You found it on level 14 of the Dungeon)

   [ring of dexterity]

   It affects your dexterity (+6).
   It protects you from fire.
   It protects you from poison.
   It affects your resistance to hostile enchantments.
   It makes you more stealthy.
 S - the ring "Peit" {+Blink MR+ Dex+3}
   (You found it on level 6 of the Lair of Beasts)

   [ring of protection from magic]

   It affects your dexterity (+3).
   It affects your resistance to hostile enchantments.
   It lets you blink.
 Y - the cursed necklace of Bloodlust {*Rage +Rage MR++ Int-3 Slay+6 *Curse}
   (You found it on level 5 of the Vaults)

   [amulet of nothing]

   It affects your intelligence (-3).
   It affects your accuracy and damage with ranged weapons and melee attacks
   (+6).
   It affects your resistance to hostile enchantments.
   It lets you go berserk.
   It may make you go berserk in combat.
   It curses itself when equipped.
   It has a curse placed upon it.
Wands
 b - a wand of iceblast (49)
 I - a wand of clouds (6)
 M - a wand of digging (15)
 N - a wand of acid (57)
Scrolls
 g - 24 scrolls of remove curse
 h - 15 scrolls of teleportation
 s - 5 scrolls of magic mapping
 z - 7 scrolls of fear
 A - 10 scrolls of blinking
 E - a scroll of silence
 G - 5 scrolls of brand weapon
 H - 8 scrolls of fog
 K - 6 scrolls of identify
 T - 3 scrolls of enchant armour
Potions
 i - 11 potions of ambrosia
 k - a potion of heal wounds
 n - 7 potions of resistance
 o - 21 potions of curing
 q - 4 potions of berserk rage
 B - 4 potions of cancellation
 J - a potion of might
 Q - 9 potions of haste
 W - 3 potions of mutation
Books
 y - a manual of Maces & Flails
 X - a manual of Maces & Flails
Miscellaneous
 x - a phantom mirror
Comestibles
 f - 67 rations


   Skills:
 - Level 18.2 Fighting
 - Level 22.2 Maces & Flails
 - Level 1.7 Throwing
 - Level 18.0 Armour
 - Level 2.4 Dodging
 - Level 26.5 Shields
 - Level 3.3 Spellcasting
 + Level 12.6 Hexes
 - Level 13.5 Translocations
 + Level 11.7 Air Magic
 - Level 8.0 Invocations


You had 22 spell levels left.
You knew the following spells:

 Your Spells              Type           Power        Failure   Level  Hunger
a - Blink                 Tloc           N/A          1%          2    ##.....
b - Lesser Beckoning      Tloc           #####.....   1%          3    ###....
c - Silence               Hex/Air        ####......   19%         5    ######.

Your spell library contained the following spells:

 Spells                   Type           Power        Failure   Level  Hunger
 Corona                   Hex            #####..      1%          1    #......
 Confusing Touch          Hex            #####...     1%          3    ###....
 Gell's Gravitas          Tloc           #####.....   1%          3    ###....
 Teleport Other           Tloc           #####...     1%          3    ###....
 Tukima's Dance           Hex            #####...     1%          3    ###....
 Passage of Golubria      Tloc           N/A          3%          4    #####..
 Cause Fear               Hex            #####.....   5%          4    #####..
 Shroud of Golubria       Chrm/Tloc      ###...       10%         2    ##.....
 Ensorcelled Hibernation  Hex/Ice        ###...       12%         2    ##.....
 Corpse Rot               Necr/Air       N/A          14%         2    ##.....
 Poisonous Vapours        Pois/Air       ###...       14%         2    ##.....
 Dazzling Flash           Conj/Hex       ###...       22%         3    ###....
 Summon Guardian Golem    Hex/Summ       ###.....     22%         3    ###....
 Static Discharge         Conj/Air       ###.....     26%         3    ###....
 Mephitic Cloud           Conj/Pois/Air  ##......     52%         3    ###....
 Iskenderun's Mystic Bla  Conj/Tloc      ###.....     52%         4    #####..
 Fulminant Prism          Conj/Hex       ###.......   58%         4    #####..
 Leda's Liquefaction      Hex/Erth       ###.......   58%         4    #####..
 Darkness                 Hex            #####.....   63%         6    #######
 Summon Lightning Spire   Summ/Air       ###.....     65%         4    #####..
 Beastly Appendage        Tmut           #.....       71%         1    #......
 Magic Dart               Conj           #...         71%         1    #......
 Sandblast                Erth           #.....       71%         1    #......
 Sting                    Tmut/Pois      #...         71%         1    #......
 Summon Small Mammal      Summ           #...         71%         1    #......
 Call Imp                 Summ           #.......     83%         2    ##.....
 Passwall                 Tmut/Erth      #.......     83%         2    ##.....
 Searing Ray              Conj           #.....       83%         2    ##.....
 Song of Slaying          Chrm           #.......     83%         2    ##.....
 Sticks to Snakes         Tmut           #.......     83%         2    ##.....
 Yara's Violent Unravell  Hex/Tmut       ###.......   91%         5    ######.
 Call Canine Familiar     Summ           #.......     97%         3    ###....
 Conjure Flame            Conj/Fire      #.......     97%         3    ###....
 Ignite Poison            Fire/Tmut/Pois #.......     97%         3    ###....
 Ozocubu's Armour         Chrm/Ice       #.......     97%         3    ###....
 Spider Form              Tmut/Pois      #.........   97%         3    ###....
 Stone Arrow              Conj/Erth      #.....       97%         3    ###....
 Dispel Undead            Necr           #.......     100%        4    #####..
 Ice Form                 Ice/Tmut       #.......     100%        4    #####..
 Olgreb's Toxic Radiance  Pois           #.......     100%        4    #####..
 Petrify                  Tmut/Erth      #.......     100%        4    #####..
 Summon Ice Beast         Ice/Summ       #.......     100%        4    #####..
 Agony                    Necr           #.......     100%        5    ######.
 Alistair's Intoxication  Tmut/Pois      #.......     100%        5    ######.
 Blade Hands              Tmut           #.........   100%        5    ######.
 Borgnjor's Vile Clutch   Necr/Erth      #.........   100%        5    ######.
 Excruciating Wounds      Chrm/Necr      #.........   100%        5    ######.
 Irradiate                Conj/Tmut      #.........   100%        5    ######.
 Lee's Rapid Deconstruct  Erth           #.........   100%        5    ######.
 Conjure Ball Lightning   Conj/Air       ###.......   100%        6    #######
 Eringya's Noxious Bog    Tmut/Pois      #.........   100%        6    #######
 Freezing Cloud           Conj/Ice/Air   ##........   100%        6    #######
 Shadow Creatures         Summ           N/A          100%        6    #######
 Orb of Destruction       Conj           #.........   100%        7    #######
 Ring of Flames           Chrm/Fire      #.........   100%        7    #######
 Discord                  Hex            #####.....   100%        8    #######
 Tornado                  Air            ####......   100%        9    #######
 Sublimation of Blood     Necr           Unusable     N/A         2    N/A
 Statue Form              Tmut/Erth      Unusable     N/A         6    N/A

Dungeon Overview and Level Annotations

Branches:
Dungeon (15/15)            Temple (1/1) D:4            Lair (6/6) D:11
  Swamp (4/4) Lair:3       Spider (4/4) Lair:3          Orc (2/2) D:9
    Elf (0/3) Orc:2        Vaults (5/5) D:14          Crypt (0/3) Vaults:3
 Depths (5/5) D:15            Zot (5/5) Depths:5      Sewer (visited)
  IceCv (visited)
  Slime: Lair:5-6

Altars:
Ashenzari
Cheibriados
Elyvilon
Gozag
Hepliaklqana
Kikubaaqudgha
Makhleb
Nemelex Xobeh
Okawaru
Qazlal
Ru
Sif Muna
Trog
Vehumet
Xom
Yredelemnul
Zin
The Shining One
Lugonu

Shops:
D:4 %   D:5 (   D:9 ([   D:10 [   D:11 !   D:15 [[}[:   Orc:2 (*?*[[([!
Vaults:1 ?!%   Depths:3 }   Depths:4 (   Depths:5 ::=[

Portals:
Hell: Depths:1 Depths:3 Depths:4 Depths:5
Abyss: Depths:1 Depths:2 Depths:3 Depths:4
Pandemonium: Depths:3
Ziggurat: Depths:2

Annotations:
D:10 1 runed translucent door
Lair:6 exclusion: 4 oklob plants


Innate Abilities, Weirdness & Mutations

You are resistant to torment.
Your stone body is resilient. (AC +20)
You are immune to poison.
Your large and strong wings let you fly indefinitely.
You resist negative energy. (rN+)
You are resistant to electric shocks. (rElec)
You can survive without breathing.
You are immune to petrification.
You are immune to rotting.
You are clumsy. (Dex -2)
You are frail. (-10% HP)
Your magical capacity is very low. (-20% MP)


Message History

The bolt of fire hits you! You resist.
* * * LOW HITPOINT WARNING * * *
You feel much better.
You puncture the orb of fire!
The orb of fire is heavily damaged.
You closely miss the orb of fire.
The orb of fire is heavily damaged.
The orb of fire emits a lurid red light.
The fireball explodes!
The fireball engulfs the orb of fire.
The orb of fire completely resists.
The fireball engulfs you! You resist.
* * * LOW HITPOINT WARNING * * *
Unknown command.
You miss the orb of fire.
The orb of fire is heavily damaged.
You completely miss the orb of fire.
The orb of fire is heavily damaged.
The orb of fire glows red.
The fireball explodes!
The fireball engulfs the orb of fire.
The orb of fire completely resists.
The fireball engulfs you!! You resist.
You die...

≈≈.....<...^⌠...# #.
#≈≈≈≈...........# #.
≈≈≈#≈≈≈≈.......⌠# #.
≈#≈≈≈≈#≈..######################.
≈≈≈≈#≈≈≈.........................
≈≈#≈≈≈≈....*.[...*..............^
#≈≈≈≈#≈.......)....8...8........#
≈≈≈#≈≈≈.#########*........#...###
≈#≈≈≈≈..# #@8..)<...8..###
≈≈≈≈#≈.## ##.(^........# ...≈≈≈.#
##.8..[8...## .......#
##.....#### .......# #######
.......# ..##...# ..##...#
####...#


You could see 2 orbs of fire.

Vanquished Creatures
  3 orbs of fire
  An ancient lich (Depths:5)
  2 juggernauts
  Sojobo (Vaults:2)
  Margery (Vaults:4)
  A curse toe (Zot:5)
  3 caustic shrikes (Depths:5)
  Saint Roka (Vaults:3)
  Jory (Vaults:4)
  5 golden dragons
  Arachne (Spider:2)
  A bone dragon (Depths:5)
  An electric golem (Zot:3)
  9 tentacled monstrosities
  3 liches
  9 Orb Guardians
  Jorgrun (D:13)
  3 deep elf master archers (Depths:4)
  6 titans
  4 deep elf blademasters (Depths:4)
  4 quicksilver dragons
  9 death cobs
  16 storm dragons
  10 tengu reavers
  4 sphinxes
  The ghost of ratboy the Blocker, an adept DrFE of Makhleb (Swamp:3)
  An ancient champion (Vaults:3)
  Frances (Swamp:1)
  The ghost of Manest the Severer, an adept HOFi of Beogh (Spider:4)
  Kirke (D:15)
  8 shadow dragons
  2 thorn hunters
  4 draconian monks
  5 fire giants
  4 draconian scorchers
  6 emperor scorpions
  6 ghost moths
  8 frost giants
  An iron dragon (Vaults:5)
  5 draconian knights
  16 vault wardens
  A curse skull (Vaults:3)
  3 orc warlords
  3 draconian stormcallers
  2 angels (Depths:2)
  2 draconian shifters
  A juggernaut skeleton (Depths:1)
  15 ironheart preservers
  A spriggan defender (Depths:3)
  26 stone giants
  A draconian annihilator (Zot:1)
  44 very ugly things
  3 war gargoyles
  3 vampire knights
  3 entropy weavers
  7 green draconians
  10 red draconians
  9 yellow draconians
  8 purple draconians
  10 spark wasps
  3 dire elephants (Lair:6)
  8 white draconians
  6 black draconians
  3 deep elf demonologists
  A crystal guardian (Vaults:5)
  3 deep elf death magi
  11 ettins
  28 yaktaur captains
  The ghost of spacerossing the Severer, a journeyman VSFi of Okawaru (Lair:5)
  11 fire dragons
  4 deep elf high priests
  6 ice dragons
  36 vault guards
  4 spriggan air magi
  An ice dragon (shapeshifter) (Vaults:5)
  6 great orbs of eyes
  Harold (D:8)
  A ghost crab (Swamp:1)
  5 rakshasas
  31 hydras
  17 ogre magi
  7 centaur warriors
  48 two-headed ogres
  An anaconda (Lair:6)
  2 dancing weapons (Vaults:5)
  5 shambling mangroves
  12 alligators
  A satyr (shapeshifter) (Vaults:5)
  13 deep troll shamans
  10 tengu warriors
  2 vampire magi
  4 death yaks
  13 deep troll earth magi
  4 spriggan berserkers
  3 orc high priests (Orc:2)
  7 deep elf knights
  18 hell knights
  4 iron trolls
  An iron troll (shapeshifter) (Vaults:5)
  A shadow wraith (Vaults:4)
  5 skeletal warriors (Vaults:2)
  2 unseen horrors
  A spriggan druid (Swamp:2)
  2 glowing orange brains
  2 orange crystal statues (D:13)
  49 deep trolls
  7 swamp dragons
  A flayed ghost (Vaults:4)
  7 deep elf archers
  A phantasmal warrior (Vaults:4)
  15 orb spiders
  7 wizards
  Pikel (D:4)
  6 necromancers
  15 ironbrand convokers
  22 orc knights
  An iron dragon zombie (Depths:1)
  10 orc sorcerers
  20 deep elf magi
  7 cyclopes
  60 ugly things
  24 wolf spiders
  A manticore (D:14)
  4 elephants (Lair:6)
  A salamander (Depths:5)
  16 moths of wrath
  A stone giant skeleton (Vaults:1)
  2 ice statues (IceCv)
  A black mamba (Lair:5)
  18 vault sentinels
  A frost giant skeleton (Depths:1)
  A centaur zombie (D:10)
  A black mamba (shapeshifter) (D:15)
  14 spiny frogs
  A guardian serpent (shapeshifter) (Depths:3)
  Joseph (D:7)
  A yaktaur zombie (Vaults:4)
  2 gargoyles
  3 kobold demonologists
  4 rime drakes
  6 freezing wraiths
  82 yaktaurs
  A komodo dragon (shapeshifter) (Depths:2)
  4 demonic crawlers
  7 komodo dragons
  2 meliai (shapeshifter)
  4 tengu conjurers
  A queen bee (D:14)
  23 jumping spiders
  2 polar bears (D:14)
  2 tengu simulacra
  17 hornets
  A queen bee (shapeshifter) (Depths:4)
  5 trolls
  3 jumping spiders (shapeshifter)
  26 blink frogs
  3 meliai (D:14)
  2 merfolk (shapeshifter)
  Grinder (Sewer)
  2 hippogriffs (shapeshifter) (Vaults:4)
  9 tyrant leeches
  A blink frog (shapeshifter) (Vaults:3)
  A hornet (shapeshifter) (Vaults:1)
  32 slime creatures
  7 hippogriffs
  5 bog bodies
  A raiju (shapeshifter) (Vaults:2)
  A fire dragon zombie (Depths:1)
  6 dream sheep (Lair:6)
  21 tarantellas
  A spriggan (shapeshifter) (Vaults:5)
  2 centaur simulacra (D:14)
  5 spriggans
  4 water elementals
  2 vampires
  62 redbacks
  42 yaks
  2 hogs (shapeshifter) (Vaults:4)
  8 shadows
  2 humans (D:14)
  A wyvern (D:11)
  4 wraiths
  5 basilisks
  2 hogs (D:15)
  A human (shapeshifter) (Depths:2)
  15 vampire mosquitoes
  2 hungry ghosts
  A steam dragon (D:10)
  An ogre zombie (Vaults:1)
  18 swamp worms
  11 insubstantial wisps (Swamp:3)
  7 acid dragons
  4 wargs
  3 floating eyes
  A water moccasin (shapeshifter) (D:15)
  34 water moccasins
  4 porcupines
  40 orc warriors
  18 swamp drakes
  Duvessa (D:7)
  A hornet zombie (Vaults:1)
  19 ice beasts
  4 sky beasts
  An eye of draining (shapeshifter) (Vaults:2)
  A necrophage (D:7)
  37 ogres
  4 phantoms
  9 wolves
  9 centaurs
  An ogre (shapeshifter) (Vaults:5)
  4 boggarts (Vaults:1)
  2 human zombies
  A tengu (shapeshifter) (Vaults:3)
  2 centaurs (shapeshifter) (Vaults:3)
  12 crocodiles
  7 big kobolds
  An ogre simulacrum (Vaults:1)
  21 bullfrogs
  Dowan (D:7)
  A water moccasin skeleton (D:9)
  5 scorpions
  2 human simulacra
  14 killer bees (D:14)
  An elf simulacrum (Vaults:3)
  2 electric eels
  7 crimson imps
  A howler monkey (D:6)
  A bullfrog zombie (D:12)
  A wyvern simulacrum (D:14)
  6 hounds
  4 jellies
  3 quasits
  24 orc priests
  4 bullfrog skeletons
  29 orc wizards
  Crazy Yiuf (D:7)
  4 centaur skeletons
  3 iguanas
  7 hell rats (Lair:3)
  9 worker ants
  2 big kobold zombies (Sewer)
  3 worker ant zombies
  Robin (D:2)
  A howler monkey skeleton (D:4)
  3 gnolls (D:4)
  28 adders
  4 shadow imps
  3 white imps
  9 ufetubi
  3 oozes
  An adder zombie (Sewer)
  5 worms
  A dart slug (D:1)
  6 leopard geckos
  85 orcs
  10 bats
  6 giant cockroaches
  17 goblins
  16 hobgoblins
  16 jackals
  35 kobolds
  3 quokkas
  5 ball pythons
  6 frilled lizards
  A kobold zombie (Sewer)
  A leopard gecko zombie (D:5)
  A quokka skeleton (D:6)
  10 rats
  3 plants (Lair:6)
2135 creatures vanquished.

Vanquished Creatures (others)
  An emperor scorpion (Spider:4)
  An ironheart preserver (Vaults:2)
  A centaur warrior (Vaults:2)
  An ogre mage (Depths:1)
  An ironbrand convoker (Vaults:2)
  A spiny frog (Swamp:3)
  A tengu conjurer (Depths:2)
  A hornet (Swamp:2)
  A blink frog (Lair:3)
  A swamp worm (Swamp:4)
  2 ogres
  A worker ant (D:5)
  2 orcs
  A bat (D:2)
  4 briar patches
  4 fungi
  11 plants
35 creatures vanquished.

Grand Total: 2170 creatures vanquished

Notes
Turn   | Place    | Note
-------+----------+-------------------------------------------
     0 | D:1      | Froggeryz the Gargoyle Gladiator began the quest for the
                  | Orb.
     0 | D:1      | Reached XP level 1. HP: 12/12 MP: 1/1
   119 | D:1      | Reached XP level 2. HP: 14/17 MP: 2/2
   525 | D:1      | Reached XP level 3. HP: 21/21 MP: 3/3
  1149 | D:2      | Noticed Robin
  1293 | D:2      | Killed Robin
  1293 | D:2      | Reached XP level 4. HP: 19/26 MP: 4/4
  1345 | D:2      | Reached skill level 5 in Maces & Flails
  1823 | D:2      | Reached XP level 5. HP: 16/30 MP: 5/5
  1850 | D:2      | Found a faded altar of an unknown god.
  2112 | D:3      | Reached skill level 1 in Armour
  2330 | D:3      | Found a glowing drain.
  2349 | Sewer    | Entered a sewer
  2482 | Sewer    | Reached XP level 6. HP: 30/35 MP: 6/6
  2579 | Sewer    | Found a burning altar of Makhleb.
  2676 | Sewer    | Noticed Grinder
  2689 | Sewer    | Killed Grinder
  2689 | Sewer    | Reached XP level 7. HP: 35/40 MP: 7/7
  3472 | D:4      | Found a shimmering blue altar of Sif Muna.
  3577 | D:4      | Found Cunkaig's Food Shop.
  3606 | D:4      | Found a staircase to the Ecumenical Temple.
  3643 | Temple   | Entered the Ecumenical Temple
  3715 | D:4      | Reached XP level 8. HP: 29/44 MP: 8/8
  3762 | Temple   | Became a worshipper of Warmaster Okawaru
  3802 | D:4      | Found a basalt altar of Yredelemnul.
  4012 | D:5      | Entered Level 5 of the Dungeon
  4017 | D:5      | Noticed Pikel
  4054 | D:4      | Killed Pikel
  4054 | D:4      | Reached * piety under Okawaru
  4054 | D:4      | Reached skill level 5 in Armour
  4123 | D:5      | Found Vaty Jig's Antique Weapon Shop.
  4204 | D:5      | Reached XP level 9. HP: 46/49 MP: 9/9
  4311 | D:5      | Reached skill level 10 in Maces & Flails
  4354 | D:5      | Found an ancient bone altar of Kikubaaqudgha.
  4354 | D:5      | Found a stormy altar of Qazlal.
  4440 | D:6      | Reached ** piety under Okawaru
  4923 | D:7      | Found a snail-covered altar of Cheibriados.
  4960 | D:7      | Noticed Dowan
  4964 | D:7      | Noticed Duvessa
  4966 | D:7      | Killed Dowan
  4974 | D:7      | Noticed Joseph
  4982 | D:7      | Killed Duvessa
  5068 | D:7      | Killed Joseph
  5068 | D:7      | Reached skill level 5 in Fighting
  5125 | D:7      | Found an opulent altar of Gozag.
  5127 | D:7      | Found a shimmering altar of Xom.
  5272 | D:7      | Reached XP level 10. HP: 59/60 MP: 10/10
  5299 | D:7      | Found a runed translucent door.
  5300 | D:7      | Noticed Crazy Yiuf
  5416 | D:7      | Found a radiant altar of Vehumet.
  5647 | D:7      | Paralysed by Crazy Yiuf for 6 turns
  5655 | D:7      | Killed Crazy Yiuf
  5719 | D:8      | Noticed Harold
  5743 | D:8      | Killed Harold
  5743 | D:8      | Reached *** piety under Okawaru
  5830 | D:8      | Noticed a two-headed ogre
  5850 | D:8      | Killed a two-headed ogre
  5850 | D:8      | Reached **** piety under Okawaru
  5959 | D:8      | Noticed a six-headed hydra
  5973 | D:8      | Killed a six-headed hydra
  6006 | D:8      | Got a jewelled hand axe
  6008 | D:8      | Identified the +3 hand axe "Leviticus" {freeze, +Fly rF++
                  | SInv} (You found it on level 8 of the Dungeon)
  6074 | D:8      | Found a bloodstained altar of Trog.
  6307 | D:9      | Reached ***** piety under Okawaru
  6313 | D:9      | Reached skill level 1 in Shields
  6315 | D:9      | Reached XP level 11. HP: 68/68 MP: 11/11
  6340 | D:9      | Found Boissoyg's Weapon Shoppe.
  6340 | D:9      | Found a staircase to the Orcish Mines.
  6340 | D:9      | Found Canumpun's Armour Shoppe.
  6431 | D:9      | Bought the cursed +1 mace "Luirodwu" {pain, rElec Str+6
                  | Int-5 SInv} for 327 gold pieces
  6498 | D:9      | Found the +9 staff of Olgreb {rPois∞}
  6576 | D:9      | Reached skill level 2 in Shields
  6661 | D:9      | Found a bloodstained altar of Trog.
  6921 | D:10     | Entered Level 10 of the Dungeon
  6959 | D:10     | Found Rasmauq's Armour Emporium.
  6999 | D:10     | Found a runed translucent door.
  7000 | D:10     | Found a white marble altar of Elyvilon.
  7000 | D:10     | Noticed an angel
  7009 | D:10     | Found the +9 staff of Wucad Mu {channel}
  7070 | D:10     | Received a gift from Okawaru
  7070 | D:10     | Reached skill level 3 in Shields
  7156 | D:10     | Noticed a two-headed ogre
  7166 | D:10     | Killed a two-headed ogre
  7276 | D:10     | Reached skill level 4 in Shields
  7465 | D:10     | Received a gift from Okawaru
  7759 | D:11     | Noticed a cyclops
  7773 | D:10     | Reached skill level 5 in Shields
  7937 | D:10     | Killed a cyclops
  8030 | D:11     | Found Bayptag's Distillery.
  8076 | D:11     | Bought a potion of curing for 45 gold pieces
  8076 | D:11     | Bought a potion of degeneration for 15 gold pieces
  8076 | D:11     | Bought a potion of haste for 150 gold pieces
  8119 | D:11     | Found a staircase to the Lair.
  8191 | D:11     | Reached skill level 6 in Shields
  8215 | D:11     | Noticed a purple ugly thing
  8226 | D:11     | Killed a purple ugly thing
  8226 | D:11     | Reached skill level 15 in Maces & Flails
  8226 | D:11     | Reached XP level 12. HP: 72/73 MP: 12/12
  8475 | Lair:1   | Entered Level 1 of the Lair of Beasts
  8577 | Lair:1   | Reached skill level 7 in Shields
  9525 | Lair:2   | You fall into a shaft and drop 1 floor!
  9571 | Lair:3   | Reached skill level 8 in Shields
  9648 | Lair:3   | Noticed a six-headed hydra
  9660 | Lair:3   | Killed a six-headed hydra
  9660 | Lair:3   | Reached ****** piety under Okawaru
  9660 | Lair:3   | Noticed an eight-headed hydra
  9668 | Lair:3   | Killed an eight-headed hydra
  9668 | Lair:3   | Received a gift from Okawaru
  9787 | Lair:3   | Reached skill level 9 in Shields
 10044 | Lair:2   | Reached skill level 10 in Shields
 10057 | Lair:2   | Reached XP level 13. HP: 32/78 MP: 13/13
 10212 | Lair:2   | Learned a level 2 spell: Blink
 10839 | Lair:2   | Reached skill level 11 in Shields
 10952 | Lair:3   | Received a gift from Okawaru
 11077 | Lair:3   | Identified a scroll of acquirement
 11113 | Lair:3   | Found a hole to the Spider Nest.
 11628 | Lair:3   | Reached skill level 12 in Shields
 11708 | Lair:3   | Found a staircase to the Swamp.
 11920 | Lair:4   | Received a gift from Okawaru
 12572 | Lair:4   | Found the macabre finger necklace {rN+}
 12755 | Lair:5   | Found a large runed translucent door.
 12756 | Lair:5   | Found a large runed translucent door.
 12946 | Lair:5   | Reached skill level 13 in Shields
 13534 | Lair:5   | Noticed spacerossing's ghost (journeyman VSFi)
 13694 | Lair:5   | Killed spacerossing's ghost
 13725 | Lair:6   | Entered Level 6 of the Lair of Beasts
 13815 | Lair:6   | Gained mutation: Your large and strong wings let you fly
                  | indefinitely. [Gargoyle growth]
 13815 | Lair:6   | Reached XP level 14. HP: 84/84 MP: 14/14
 14236 | Lair:6   | Found a white marble altar of Elyvilon.
 14666 | Lair:6   | Reached skill level 14 in Shields
 14770 | Lair:6   | Noticed a dire elephant
 14770 | Lair:6   | Noticed a dire elephant
 14787 | Lair:6   | Killed a dire elephant
 14801 | Lair:6   | Killed a dire elephant
 14801 | Lair:6   | Received a gift from Okawaru
 14808 | Lair:6   | Got a translucent flail {god gift}
 14810 | Lair:6   | Identified the +2 flail of Ceesemp {vorpal, *Drain MR+
                  | Int+9} (Okawaru gifted it to you on level 6 of the Lair of
                  | Beasts)
 14832 | Lair:6   | Got a pitted brass ring
 14837 | Lair:6   | Identified the ring "Peit" {+Blink MR+ Dex+3} (You found it
                  | on level 6 of the Lair of Beasts)
 15066 | Lair:6   | Noticed a dire elephant
 15075 | Lair:6   | Killed a dire elephant
 15344 | Orc:1    | Entered Level 1 of the Orcish Mines
 15815 | Orc:2    | Entered Level 2 of the Orcish Mines
 15854 | Orc:2    | Found a staircase to the Elven Halls.
 16077 | Orc:2    | Found Ciedoche's General Store.
 16107 | Orc:2    | Found Qucoob's Weapon Boutique.
 16118 | Orc:2    | Bought a potion of heal wounds for 60 gold pieces
 16199 | Orc:2    | Found Coschaash's Magic Scroll Shoppe.
 16556 | Orc:2    | Noticed an orc warlord
 16594 | Orc:2    | Reached skill level 15 in Shields
 16652 | Orc:1    | Killed an orc warlord
 17130 | Orc:2    | Found Boik's Distillery.
 17139 | Orc:2    | Bought a scroll of fear for 59 gold pieces
 17189 | Orc:2    | Received a gift from Okawaru
 17710 | Orc:2    | Found Veff's Armour Emporium.
 17767 | Orc:2    | Found a bloodstained altar of Trog.
 17999 | Orc:2    | Found Hehieg's Antique Weapon Boutique.
 17999 | Orc:2    | Found Syejapt's Armour Emporium.
 18001 | Orc:2    | Found Rixtem's Assorted Antiques.
 18001 | Orc:2    | Found Kepso's Armour Emporium.
 18017 | Orc:2    | Bought a +3 chain mail of fire resistance for 318 gold
                  | pieces
 18051 | Orc:2    | Bought a potion of heal wounds for 80 gold pieces
 18458 | D:12     | Received a gift from Okawaru
 18651 | D:12     | Reached skill level 1 in Invocations
 19048 | D:12     | Received a gift from Okawaru
 19048 | D:12     | Reached XP level 15. HP: 51/90 MP: 16/16
 19235 | D:13     | Noticed Jorgrun
 19246 | D:13     | Killed Jorgrun
 19888 | D:13     | Reached skill level 10 in Fighting
 20220 | D:14     | Reached skill level 10 in Armour
 20443 | D:14     | Reached skill level 5 in Invocations
 20444 | D:14     | Found a frozen archway.
 20544 | IceCv    | Entered an ice cave
 20814 | IceCv    | Received a gift from Okawaru
 21171 | IceCv    | Received a gift from Okawaru
 21174 | IceCv    | Got a crude scale mail {god gift}
 21175 | IceCv    | Identified the +7 scale mail of Irac {+Blink Dex+2}
                  | (Okawaru gifted it to you in an ice cave)
 21444 | IceCv    | Got a smoking bone amulet
 21450 | IceCv    | Got a glittering platinum amulet
 21696 | D:14     | Got a clouded golden ring
 21894 | D:14     | Found a gate to the Vaults.
 22864 | Swamp:1  | Entered Level 1 of the Swamp
 22897 | Swamp:1  | Noticed a thorn hunter
 22917 | Swamp:1  | Received a gift from Okawaru
 22917 | Swamp:1  | Reached XP level 16. HP: 77/100 MP: 21/21
 22932 | Swamp:1  | Killed a thorn hunter
 23317 | Swamp:1  | Reached skill level 1 in Spellcasting
 23675 | Swamp:1  | Noticed Frances
 23694 | Swamp:1  | Killed Frances
 23792 | Swamp:1  | Received a gift from Okawaru
 23804 | Swamp:1  | Got a polished flail {god gift}
 24827 | Swamp:2  | Reached skill level 1 in Translocations
 25871 | Swamp:3  | Received a gift from Okawaru
 25880 | Swamp:3  | Got a faintly glowing tower shield {god gift}
 25881 | Swamp:3  | Identified the +5 tower shield "Oheotej" {rC- rCorr Dex+3}
                  | (Okawaru gifted it to you on level 3 of the Swamp)
 25886 | Swamp:3  | Noticed a thorn hunter
 26144 | Swamp:3  | Killed a thorn hunter
 26216 | Swamp:3  | Got a transparent lead ring
 26222 | Swamp:3  | Identified the ring of Risasougg {rPois rF+ MR+ Dex+6
                  | Stlth+} (You found it on level 14 of the Dungeon)
 26280 | Swamp:3  | Reached skill level 5 in Translocations
 26422 | Swamp:3  | Found a large runed translucent door.
 26422 | Swamp:3  | Found a large runed translucent door.
 26584 | Swamp:3  | Noticed ratboy's ghost (adept DrFE)
 26611 | Swamp:3  | Killed ratboy's ghost
 26669 | Swamp:4  | Entered Level 4 of the Swamp
 26675 | Swamp:4  | Reached XP level 17. HP: 107/107 MP: 23/23
 27429 | Swamp:4  | Identified the amulet "Kosyas" {Spirit rElec} (You found it
                  | in an ice cave)
 27483 | Swamp:4  | Received a gift from Okawaru
 27817 | Swamp:4  | Got a decaying rune of Zot
 28363 | Spider:1 | Entered Level 1 of the Spider Nest
 29812 | Spider:2 | Received a gift from Okawaru
 30071 | Spider:2 | Noticed Arachne
 30102 | Spider:2 | Killed Arachne
 30243 | Spider:2 | Identified the amulet "Hoderane" {Reflect +Inv rC- rN+
                  | SH+5} (You found it in an ice cave)
 30411 | Spider:2 | Reached skill level 10 in Translocations
 31103 | Spider:3 | Received a gift from Okawaru
 31104 | Spider:3 | Got a dazzling plate armour {god gift}
 31155 | Spider:2 | Identified the +4 plate armour of Hospitality {MR+ Regen+}
                  | (Okawaru gifted it to you on level 3 of the Spider Nest)
 31299 | Spider:3 | Reached XP level 18. HP: 94/112 MP: 24/24
 31550 | Spider:4 | Entered Level 4 of the Spider Nest
 32188 | Spider:4 | Reached skill level 16 in Shields
 32450 | Spider:4 | Found a large runed translucent door.
 32458 | Spider:4 | Found a large runed translucent door.
 32461 | Spider:4 | Noticed Manest's ghost (adept HOFi)
 32462 | Spider:4 | Found the +2 robe of Vines {NoPotionHeal Regen+7}
 32660 | Spider:4 | Killed Manest's ghost
 32897 | Spider:4 | Got a gossamer rune of Zot
 33160 | D:15     | Entered Level 15 of the Dungeon
 33170 | D:15     | Found Igryamea's Antique Armour Boutique.
 33174 | D:15     | Bought a runed kite shield for 217 gold pieces
 33201 | D:15     | Found Zejutot's Book Boutique.
 33236 | D:15     | Found Beax's Gadget Boutique.
 33320 | D:15     | Found a staircase to the Depths.
 33556 | D:15     | Noticed Kirke
 33558 | D:15     | Received a gift from Okawaru
 33584 | D:15     | Killed Kirke
 33587 | D:15     | Found Mer Coe's Antique Armour Shop.
 33598 | D:15     | Found a sacrificial altar of Ru.
 33752 | D:15     | Got a spiked plate armour
 33753 | D:15     | Identified the cursed +0 plate armour of Seshrean {rElec}
                  | (You found it on level 15 of the Dungeon)
 33872 | D:15     | Found Yschiobi's Armour Shoppe.
 34002 | Depths:1 | Entered Level 1 of the Depths
 34068 | Vaults:1 | Entered Level 1 of the Vaults
 34165 | Vaults:1 | Reached skill level 17 in Shields
 34408 | Vaults:1 | Learned a level 3 spell: Lesser Beckoning
 34640 | Vaults:1 | Reached skill level 15 in Fighting
 34640 | Vaults:1 | Reached XP level 19. HP: 102/124 MP: 25/25
 34781 | Vaults:1 | Received a gift from Okawaru
 35271 | Vaults:1 | Found Zyusozu's Magic Scroll Shop.
 35304 | Vaults:1 | Bought a scroll of acquirement for 936 gold pieces
 35311 | Vaults:1 | Found Jotiwaim's Distillery.
 35327 | Vaults:1 | Found Afez's Food Shop.
 35994 | Vaults:2 | Noticed Sojobo
 36644 | Vaults:2 | Received a gift from Okawaru
 37355 | Vaults:2 | Killed Sojobo
 37407 | Vaults:2 | Reached skill level 18 in Shields
 37772 | Vaults:3 | Reached XP level 20. HP: 125/129 MP: 26/26
 37868 | Vaults:3 | Noticed Saint Roka
 38070 | Vaults:3 | Found a staircase to the Crypt.
 38321 | Vaults:3 | Received a gift from Okawaru
 38321 | Vaults:3 | Reached skill level 19 in Shields
 38736 | Vaults:3 | Received a gift from Okawaru
 38967 | Vaults:3 | Reached skill level 20 in Shields
 39212 | Vaults:3 | Received a gift from Okawaru
 39307 | Vaults:3 | Received a gift from Okawaru
 39320 | Vaults:3 | Identified the cursed +0 shortbow "Jyurchech" {flame, +Inv
                  | rN+ Str-5 Int+3}
 39334 | Vaults:3 | Identified the +1 hunting sling of the Horn {freeze, rF+
                  | Str+8 Int-3}
 39668 | Vaults:3 | Killed Saint Roka
 39797 | Vaults:3 | Reached skill level 21 in Shields
 40047 | Vaults:4 | Noticed Jory
 40061 | Vaults:4 | Killed Jory
 40061 | Vaults:4 | Reached XP level 21. HP: 65/134 MP: 27/27
 40887 | Vaults:4 | Received a gift from Okawaru
 40888 | Vaults:4 | Found the +7 Kryia's mail coat {PotionHeal*2 rC+}
 40958 | Vaults:4 | Noticed Margery
 40973 | Vaults:4 | Killed Margery
 41737 | Vaults:4 | Found the ring of the Octopus King
 41740 | Vaults:4 | Got a ring of the Octopus King
 42052 | Vaults:5 | Entered Level 5 of the Vaults
 42108 | Vaults:4 | Received a gift from Okawaru
 42968 | Vaults:5 | Received a gift from Okawaru
 43089 | Vaults:4 | Reached XP level 22. HP: 88/144 MP: 28/28
 43396 | Vaults:5 | Identified the ring "Juavuequ" {rPois Str+6}
 43576 | Vaults:5 | Reached skill level 15 in Armour
 43630 | Vaults:5 | Received a gift from Okawaru
 44097 | Vaults:5 | Identified the ring "Esaeckus" {Fire *Slow Str+2 Int+3}
                  | (You found it on level 3 of the Swamp)
 44099 | Vaults:5 | Identified a ring of the Octopus King {rN+ AC+1 EV+1 Str+1
                  | Int+1 Dex+1} (You found it on level 4 of the Vaults)
 44542 | Vaults:5 | Identified the +6 halberd "Jontips" {holy, rF+ Int+4 SInv}
 44589 | Vaults:5 | Received a gift from Okawaru
 45379 | Vaults:5 | Identified the +10 short sword of Niapiucw {freeze, Fragile
                  | +Fly rPois Int+6}
 45379 | Vaults:5 | Identified the +1 plate armour "Xyses" {rCorr Int+4}
 45422 | Vaults:5 | Found the brooch of Shielding {Spirit SH+8}
 45427 | Vaults:5 | Got a glittering lead ring
 45444 | Vaults:5 | Identified a +2 pair of boots of running (You found it on
                  | level 5 of the Vaults)
 45786 | Vaults:5 | Reached XP level 23. HP: 136/152 MP: 29/29
 45978 | Vaults:5 | Found the cursed necklace of Bloodlust {*Rage +Rage MR++
                  | Int-3 Slay+6 *Curse}
 45998 | Vaults:5 | Got a smoking ruby amulet
 45999 | Vaults:5 | Identified the amulet of Byjitoil {Spirit rElec rF- Dex-5
                  | Slay+5} (You found it on level 5 of the Vaults)
 46001 | Vaults:5 | Identified the ring of Linearity {+Inv EV+4 Stlth+} (You
                  | found it on level 5 of the Vaults)
 46023 | Vaults:5 | Identified the Incunabulum of the Lucky Rocks
 46284 | Vaults:5 | Identified Zottairch's Collected Works on Blistering
                  | Conjuration
 46419 | Vaults:5 | Got a silver rune of Zot
 46624 | D:15     | Received a gift from Okawaru
 47930 | Depths:1 | Received a gift from Okawaru
 48060 | Depths:1 | Found a corrupted altar of Lugonu.
 48064 | Depths:1 | Found a one-way gate to the infinite horrors of the Abyss.
 48475 | Depths:1 | Found a gateway to Hell.
 48542 | Depths:1 | Noticed a golden dragon
 48550 | Depths:1 | Killed a golden dragon
 48626 | Depths:1 | Reached skill level 22 in Shields
 48668 | Depths:2 | Paralysed by a floating eye for 4 turns
 48677 | Depths:2 | Paralysed by a floating eye for 4 turns
 49515 | Depths:2 | Noticed a juggernaut
 49529 | Depths:2 | Killed a juggernaut
 49529 | Depths:2 | Received a gift from Okawaru
 49529 | Depths:2 | Reached skill level 23 in Shields
 49529 | Depths:2 | Reached XP level 24. HP: 141/158 MP: 29/29
 50126 | Depths:2 | Found a gateway to a ziggurat.
 50131 | Depths:2 | You fall into a shaft and drop 1 floor!
 50218 | Depths:3 | Paralysed by a sphinx for 5 turns
 50412 | Depths:3 | Reached skill level 24 in Shields
 50464 | Depths:3 | Paralysed by a floating eye for 3 turns
 50473 | Depths:3 | Paralysed by a floating eye for 2 turns
 50906 | Depths:3 | Found Xilyg's Gadget Shoppe.
 50920 | Depths:3 | Found a one-way gate leading to the halls of Pandemonium.
 50933 | Depths:3 | Received a gift from Okawaru
 50969 | Depths:3 | Received a gift from Okawaru
 51399 | Depths:4 | Found a flickering gateway to a bazaar.
 51412 | Bazaar   | Entered a bazaar
 51418 | Bazaar   | Found Wigodag's Magic Scroll Shop.
 51418 | Bazaar   | Found Huovaephob's Jewellery Boutique.
 51420 | Bazaar   | Got a slimy pewter amulet
 51450 | Depths:4 | Reached skill level 25 in Shields
 51920 | Depths:4 | Paralysed by a floating eye for 3 turns
 52220 | Depths:4 | Reached XP level 25. HP: 157/163 MP: 29/29
 52280 | Depths:4 | Identified the amulet "Demmegahia" {Faith Dex+3 Slay+2}
                  | (You found it in a bazaar)
 52454 | Depths:4 | Found Ufohirpho's Weapon Shoppe.
 52694 | Depths:4 | Reached skill level 26 in Shields
 52696 | Depths:4 | Received a gift from Okawaru
 52793 | Depths:4 | Found an iron altar of Okawaru.
 52802 | Depths:4 | Received a gift from Okawaru
 53065 | Depths:5 | Entered Level 5 of the Depths
 53192 | Depths:5 | Noticed an ancient lich
 53204 | Depths:5 | Killed an ancient lich
 53246 | Depths:5 | Learned a level 5 spell: Silence
 53310 | Depths:5 | Reached skill level 1 in Hexes
 53310 | Depths:5 | Reached skill level 1 in Air Magic
 53555 | Depths:5 | Found Faol's Jewellery Shoppe.
 53574 | Depths:5 | Found Qeshrule's Book Shoppe.
 54046 | Depths:5 | Reached skill level 5 in Hexes
 54175 | Depths:5 | Found Obucaeps's General Store.
 54353 | Depths:5 | Found a gate to the Realm of Zot.
 54378 | Depths:5 | Received a gift from Okawaru
 54390 | Depths:5 | Found Laufi's Book Shoppe.
 54393 | Depths:5 | Noticed a juggernaut
 54416 | Depths:5 | Killed a juggernaut
 54416 | Depths:5 | Reached skill level 5 in Air Magic
 54525 | Depths:5 | Found Desus's Armour Shop.
 54750 | Zot:1    | Entered Level 1 of the Realm of Zot
 54750 | Zot:1    | Noticed an orb of fire
 54766 | Zot:1    | Gained mutation: Your magical capacity is low. (-10% MP)
                  | [an orb of fire]
 54772 | Zot:1    | Killed an orb of fire
 54884 | Zot:1    | Reached XP level 26. HP: 111/168 MP: 26/26
 55048 | Zot:1    | You fall into a shaft and drop 1 floor!
 55526 | Zot:2    | Found the ring of the Mage {Wiz MR++ Int+3}
 56514 | Zot:1    | Received a gift from Okawaru
 56669 | Zot:1    | Received a gift from Okawaru
 57659 | Zot:3    | Reached skill level 10 in Hexes
 57990 | Zot:3    | Received a gift from Okawaru
 58805 | Zot:4    | Reached skill level 10 in Air Magic
 59396 | Zot:5    | Entered Level 5 of the Realm of Zot
 59424 | Zot:5    | Reached XP level 27. HP: 163/174 MP: 26/26
 59652 | Zot:5    | Noticed an orb of fire
 59681 | Zot:5    | Gained mutation: You are clumsy. (Dex -2) [an orb of fire]
 59682 | Zot:5    | Killed an orb of fire
 59682 | Zot:5    | Received a gift from Okawaru
 59985 | Zot:5    | Noticed an orb of fire
 59990 | Zot:5    | Noticed an orb of fire
 59990 | Zot:5    | Noticed an orb of fire
 60283 | Zot:5    | Gained mutation: Your magical capacity is very low. (-20%
                  | MP) [an orb of fire]
 60284 | Zot:5    | Killed an orb of fire
 60297 | Zot:5    | HP: 8/174 [orb of fire/fireball (10)]
 60298 | Zot:5    | Gained mutation: You are frail. (-10% HP) [an orb of fire]
 60308 | Zot:5    | Killed from afar by an orb of fire

Illustrated notes

Levels and vault maps discovered:
D:1:      lemuel_arrival_room, layout_basic
D:2:      minmay_chambers_of_twos, layout_basic,
          chequers_ecumenical_altar_island, uniq_robin
D:3:      layout_loops_ring, portal_sewer_entry_d, dk_vineyard_3,
          minmay_misc_feat_chi, minmay_three_crescents
D:4:      layout_rooms, yredelemnul_altar_generic, lemuel_blue_sif_altar,
          minmay_temple_entry_trees, serial_shops, shop, first_ration
D:5:      layout_rooms, gammafunk_temple_overflow_elements, serial_shops, shop,
          uniq_pikel
D:6:      layout_basic
D:7:      layout_cave_pools, nicolae_overflow_hidden_temple, the_bakery,
          lemuel_statue_altar, uniq_joseph, uniq_duvessa,
          uniq_crazy_yiuf_cottage
D:8:      layout_rooms, basic_altar, minmay_fire_ice_demons, uniq_harold
D:9:      layout_cave_pools, orc_david_3, st_stairs_4, trog_hazing_becter
D:10:     layout_basic, serial_shops, nicolae_shop_waterfront,
          lemuel_angel_altar
D:11:     layout_rooms, david_lair_shrubbed, serial_shops, shop_statue
D:12:     layout_roguey, kennysheep_just_a_vault
D:13:     layout_irregular_city, minmay_more_statues, uniq_jorgrun
D:14:     layout_basic, grunt_vaults_entry_fortified, serial_ice, serial_ice_e,
          serial_ice_d, serial_ice_a, serial_ice_l,
          portal_ice_cave_entry_pillars_2, minmay_crystal_room, minivault_7
D:15:     hangedman_depths_entry_civil_slaughter, layout_rooms, serial_shops,
          shop_fountains, shop, shop, nicolae_shop_crystal, shop,
          nicolae_ru_sacrificial_ziggurat, minmay_checkerbox, uniq_kirke
Temple:   dshaligram_water_room_temple
Lair:1:   layout_regular_city, infiniplex_staircase_pool, grunt_megastairs_5
Lair:2:   layout_chaotic_city, worms_lemuel, infiniplex_staircase_pool_2
Lair:3:   layout_cellular_growth, palyth_hydra_swamp_entry,
          nicolae_spider_entry_tight_spaces, lemuel_old_faithful
Lair:4:   layout_regular_city
Lair:5:   lemuel_reptile_caves, layout_regular_city, ebering_ghost_disaster_area
Lair:6:   due_jungle_book, layout_long_grid, minmay_slime_entry_oklob_enclosed,
          lemuel_oklob_altar
Swamp:1:  layout_basic_swamp, hangedman_swamp_pad, uniq_frances
Swamp:2:  layout_basic_swamp, nicolae_swamp_dense_foliage, swamp_pool2
Swamp:3:  layout_basic_swamp, ebering_ghost_disaster_area,
          evilmike_swamp_ruin_house_1
Swamp:4:  swamp, layout_basic_swamp
Spider:1: layout_chambers
Spider:2: layout_spider_delve, uniq_arachne
Spider:3: layout_spider_delve
Spider:4: spider_rune_water, ebering_ghost_disaster_area
Orc:1:    layout_caves
Orc:2:    grunt_orc_tribal_feast, layout_diamond_mine, basic_altar,
          special_room, serial_shops, nicolae_shop_statue_plus, shop, shop,
          nicolae_shop_waterfront, nicolae_shop_behind_doors
Vaults:1: v_misc_16, nicolae_vaults_stairing_the_circle,
          nicolae_vaults_mini_display_case, v_misc_24, v_misc_17,
          hangedman_vaults_hard_town_square, grunt_vaults_funnel,
          grunt_vaults_hallway_long, nicolae_vaults_network_periphery,
          v_alt_pattern_1, v_rooms_5, vaults_mumra_chevron_long, v_misc_23,
          hangedman_vaults_slice, vaults_dpeg_diagonal, grunt_vaults_focal,
          layout_vaults_maze_bifur
Vaults:2: vaults_room_stairs_pillars, hangedman_vaults_slice,
          ontoclasm_vaults_decontamination, v_misc_33, vaults_dpeg_ring,
          hangedman_vaults_capsules, ontoclasm_vaults_spin,
          layout_vaults_omnigrid, uniq_sojobo
Vaults:3: st_greater_box_4, minmay_crypt_entry_simple_sparse,
          hangedman_vaults_river_flow, vaults_room_door_ring, v_rooms_5,
          hangedman_vaults_restitches, hangedman_vaults_impose, v_misc_27,
          vaults_dpeg_cross, nicolae_vaults_three_branches, vaults_mumra_hex,
          layout_vaults_omnibox, uniq_saint_roka
Vaults:4: nicolae_vaults_rhombus_7, ontoclasm_vaults_claustrophobia, v_misc_3,
          v_alt_pattern_1, vaults_standard_mumra_lines,
          nicolae_vaults_circle_grid_b, v_misc_26,
          nicolae_vaults_little_squares_3, nicolae_vaults_quadrants,
          nicolae_vaults_little_squares_5, nicolae_vaults_border_crossing,
          layout_vaults_ring, uniq_margery, uniq_jory
Vaults:5
Depths:1: layout_cave_pools, hangedman_decor_diamond_cutter,
          abyss_entry_flame_altar, hangedman_coc_ice_floe, grunt_tough_drop,
          serial_bayou_shore_b
Depths:2: hangedman_box_tower, layout_small_grid, enter_ziggurat_d,
          lightli_too_deep, dk_noncrumbling_2, abyss_entry
Depths:3: minmay_glassy_protrusions, layout_gridlike, serial_shops,
          shop_fountains, pan_entry, abyss_entry_small_statue_room, hell_entry
Depths:4: evilmike_iron_armoury, layout_cave_pools, hell_entry,
          kennysheep_decorative_pillar, abyss_entry, serial_shops,
          bzr_entry_water, shop
Depths:5: grunt_x_marks_the_spot, layout_gridlike, serial_shops,
          nicolae_shop_competitors_out_of_business,
          nicolae_shop_temple_entry_statues_fountains, shop,
          nicolae_shop_crystal, nicolae_shop_statue_plus, hell_entry,
          minmay_librarian
Zot:1:    kennysheep_six_static_rooms, layout_cathedral_of_symmetry
Zot:2:    layout_basic
Zot:3:    layout_basic
Zot:4:    layout_gridlike, hangedman_zot_decor_scrapings, grunt_megastairs_4
Zot:5:    layout_misc_corridors, st_stairs_7, nicolae_lava_and_water,
          grunt_ministairs_2

Skill      XL: |  1  2  3  4  5  6  7  8  9 10 11 12 13 14 15 16 17 18 19 20 21 22 23 24 25 26 27 |
---------------+----------------------------------------------------------------------------------+-----
Maces & Flails | 4 5 6 7 8 9 11 13 15 16 17 18 19 20 22 | 22.2
Armour         | 1 3 4 6 9 11 12 14 16 18 | 18.0
Fighting       | 5 8 9 11 12 15 16 18 | 18.2
Shields        | 1 6 10 13 15 17 18 21 23 25 26 | 26.5
Invocations    | 2 7 8 |  8.0
Spellcasting   | 3 |  3.3
Translocations | 6 10 13 | 13.5
Hexes          | 6 11 12 | 12.6
Air Magic      | 6 10 11 | 11.7
Throwing       | |  1.7
Dodging        | |  2.4

Action                   |  1- 3 |  4- 6 |  7- 9 | 10-12 | 13-15 | 16-18 | 19-21 | 22-24 | 25-27 || total
-------------------------+-------+-------+-------+-------+-------+-------+-------+-------+-------++-------
Melee: Flail             |   151 |   276 |   294 |   201 |       |       |       |       |       ||   922
       Mace              |       |       |       |   617 |       |       |       |       |       ||   617
       Morningstar       |       |       |       |   110 |    83 |       |       |       |       ||   193
       Punch             |       |       |       |     1 |       |       |       |       |       ||     1
       Eveningstar       |       |       |       |       |  1445 |  1582 |  1634 |  1693 |  1327 ||  7681
Throw: Throwing net      |       |       |       |     1 |       |       |       |       |       ||     1
 Cast: Lesser Beckoning  |       |       |       |       |       |       |       |       |     3 ||     3
       Blink             |       |       |       |       |       |       |       |       |     1 ||     1
Invok: Heroism           |       |       |       |     3 |       |       |       |       |       ||     3
       Finesse           |       |       |       |       |       |       |       |       |     4 ||     4
 Abil: Fly               |       |       |       |       |     1 |       |       |       |     1 ||     2
       Stop Flying       |       |       |       |       |       |       |     2 |       |       ||     2
Evoke: Wand              |       |     3 |     4 |     8 |     3 |     7 |     4 |     4 |     6 ||    39
  Use: Scroll            |       |     2 |     3 |     8 |    29 |    12 |     8 |    11 |    12 ||    85
       Potion            |       |     1 |     1 |       |     5 |     3 |     2 |     1 |     9 ||    22
 Stab: Paralysed         |       |       |     7 |     6 |       |       |       |       |       ||    13
       Held in net/web   |       |       |       |     1 |       |     5 |       |       |       ||     6
       Invisible         |       |       |       |     1 |       |       |       |       |       ||     1
       Distracted        |       |       |       |       |     1 |       |       |       |       ||     1
       Confused          |       |       |       |       |       |     3 |       |     1 |     9 ||    13
  Eat: Chunk             |       |     7 |     7 |    16 |    31 |    19 |    23 |    23 |     9 ||   135
       Ration            |       |       |     1 |     1 |     3 |     6 |     2 |     3 |     7 ||    23
Armor: Leather armour    |    93 |    63 |       |       |       |       |       |       |       ||   156
       Chain mail        |       |   179 |   178 |   516 |   756 |   703 |       |       |       ||  2332
       Plate armour      |       |       |       |       |       |   343 |   793 |   981 |   424 ||  2541
Dodge: Dodged            |   142 |   208 |   115 |   360 |   442 |   569 |   326 |   346 |   154 ||  2662
Block: Kite shield       |       |       |       |       |   960 |  1218 |  1308 |   760 |       ||  4246
       Reflection        |       |       |       |       |       |    16 |   125 |    85 |    36 ||   262
       Tower shield      |       |       |       |       |       |       |       |  1024 |  1541 ||  2565
